 Dungeon Crawl Stone Soup version 0.28.0-62-gf88900778d (webtiles) character file.

Game seed: 2658700097855865918

501 cbfl8 the Chopper (level 6, -7/55 HPs)
             Began as a Minotaur Fighter on May 10, 2023.
             Mangled by a lemure (8 damage)
             ... led by Pikel
             ... on level 5 of the Dungeon.
             The game lasted 00:05:38 (4598 turns).

cbfl8 the Chopper (Minotaur Fighter)                Turns: 4598, Time: 00:05:39

Health: -7/55      AC: 12    Str: 20    XL:     6   Next: 95%
Magic:  5/5        EV:  7    Int:  5    God:
Gold:   108        SH:  5    Dex: 12    Spells: 5/5 levels left

rFire   . . .      SeeInvis .   a - +0 war axe
rCold   . . .      Faith    .   c - +0 buckler
rNeg    . . .      Spirit   .   k - +1 chain mail
rPois   .          Reflect  .   d - +2 hat
rElec   .          Harm     .   (no cloak)
rCorr   .          Rampage  .   (no gloves)
Will    .....                   (no boots)
Stlth   ..........              b - amulet of the acrobat
HPRegen 0.18/turn               (no ring)
MPRegen 0.09/turn               (no ring)

@: weak-willed, attractive, invisible
A: horns 2, retaliatory headbutt
a: no special abilities


You were on level 5 of the Dungeon.
You visited 1 branch of the dungeon, and saw 5 of its levels.

You collected 108 gold pieces.

Inventory:

Hand Weapons
 a - a +0 war axe (weapon)
Armour
 c - a +0 buckler (worn)
 d - a +2 hat (worn)
 k - a +1 chain mail (worn)
Jewellery
 b - an amulet of the acrobat (around neck)
Wands
 l - a wand of flame (13) (quivered)
Potions
 e - a potion of attraction
 n - a potion of resistance {unknown}
 o - a potion of heal wounds {unknown}


   Skills:
 + Level 4.9 Fighting
 + Level 6.0 Axes
 + Level 5.4 Armour
 + Level 0.7 Dodging
 + Level 4.3 Shields
 * Level 2.2 Evocations


You had 5 spell levels left.
You didn't know any spells.
Your spell library was empty.

Dungeon Overview and Level Annotations

Branches:
Dungeon (5/15)
 Temple: D:4-7

Altars:
Vehumet

Annotations:
D:5 Pikel, Prince Ribbit


Innate Abilities, Weirdness & Mutations

You have a pair of horns on your head.
You reflexively headbutt those who attack you in melee.


Message History

An orc comes into view. It is wielding a +0 flail.
The orc priest calls down the wrath of Beogh upon you.
Beogh smites you! The ogre misses you. You furiously retaliate!
You headbutt the ogre, but do no damage.
As you read the scroll of teleportation, it crumbles to dust.
You feel strangely unstable. The ogre misses you.
Your surroundings seem slightly different.
Found 13 gold pieces.
Found a plate armour.
Found 21 gold pieces.
As you read the scroll labelled WEACZU NETYAG, it crumbles to dust.
The creatures around you are filled with an inner flame!
It was a scroll of immolation.
As you read the scroll labelled MAEPRO CUGOFAX, it crumbles to dust.
Magic quickly surges around you.
It was a scroll of vulnerability.
Pikel hits you but does no damage.
As you read the scroll labelled BOGOIRURRO, it crumbles to dust.
It is a scroll of enchant armour.
Your +0 chain mail glows green for a moment.
The ogre hits you with a +0 giant spiked club!!
Pikel hits you but does no damage.
Blink to where?
Press: ? - help, Dir - move target An ufetubus comes into view.
As you read the scroll of blinking, it crumbles to dust.
A sourceless malevolence fills the Dungeon... and a teleportation trap spontaneously manifests!
You are yanked towards some nearby monsters!
Your surroundings suddenly seem different.
The ufetubus moves out of view.
It was a potion of attraction.
You feel attractive to monsters.
The ogre hits you with a +0 giant spiked club!!
* * * LOW HITPOINT WARNING * * *
Pikel barely misses you. The lemure is attracted toward you. x2
The orc is attracted toward you. The orc priest is attracted toward you.
It was a potion of invisibility.
You fade into invisibility!
The lemure hits you!
You die...

##########...........
#....$.....$..####...
#.............# ..
#.............# .
#.............#
#.............. #..
#.[....Z.....## #..
####..OK5.....#
##..##
#..@5......##.. ...#
#...55o....... >..
#......o§..# #.#
#......§..§#######.#
#....$......).......
##########.........#
#.........#
#.........#
#.........#


You could see Pikel (inner flame, weak-willed), an ogre (inner flame,
weak-willed), 4 lemures, an orc priest, an orc and an adder skeleton (inner
flame, weak-willed).

Vanquished Creatures
  Grinder (D:3)
  A water moccasin skeleton (D:5)
  2 orc priests (D:4)
  A hound (D:4)
  Jessica (D:3)
  A hound skeleton (D:4)
  5 adders
  3 worms (D:2)
  A dart slug (D:4)
  11 orcs
  6 ball pythons
  2 endoplasms (D:2)
  4 giant cockroaches
  5 goblins
  6 hobgoblins
  3 jackals (D:2)
  5 kobolds
  A quokka (D:1)
  8 bats
  7 frilled lizards
  6 rats
80 creatures vanquished.

Notes
Turn   | Place    | Note
-------+----------+-------------------------------------------
     0 | D:1      | cbfl8 the Minotaur Fighter began the quest for the Orb.
     0 | D:1      | Reached XP level 1. HP: 19/19 MP: 0/0
    13 | D:1      | Found a faded altar of an unknown god.
    69 | D:1      | You fall into a shaft and drop 1 floor!
   144 | D:2      | Reached XP level 2. HP: 21/27 MP: 1/1
   403 | D:2      | Reached skill level 3 in Axes
   544 | D:2      | Reached XP level 3. HP: 10/33 MP: 2/2
  1730 | D:2      | Reached skill level 1 in Evocations
  1819 | D:2      | Reached XP level 4. HP: 40/40 MP: 3/3
  2273 | D:3      | Reached skill level 4 in Axes
  2458 | D:3      | Noticed Jessica
  2462 | D:3      | Killed Jessica
  2463 | D:3      | Reached XP level 5. HP: 43/47 MP: 4/4
  2556 | D:3      | Identified the +5 quarterstaff of Kismet {flame, rN+ Str+3
                  | Int+3}
  2708 | D:3      | Noticed Grinder
  2714 | D:3      | HP: 2/47 [Grinder/nerve-wracking pain (4)]
  3074 | D:3      | Paralysed by Grinder for 6 turns
  3083 | D:3      | Killed Grinder
  3084 | D:3      | Reached skill level 5 in Axes
  3084 | D:3      | Reached skill level 5 in Armour
  3084 | D:3      | Reached XP level 6. HP: 10/53 MP: 5/5
  3942 | D:4      | Found a radiant altar of Vehumet.
  4291 | D:5      | Entered Level 5 of the Dungeon
  4291 | D:5      | Noticed Prince Ribbit
  4566 | D:5      | Reached skill level 6 in Axes
  4568 | D:5      | Noticed Pikel
  4597 | D:5      | HP: 1/55 [ogre/+0 giant spiked club (18)]
  4598 | D:5      | Mangled by a lemure

Illustrated notes

Levels and vault maps discovered:
D:1:      elethiomel_arrival_fortress_basement, layout_loops_ring,
          shapermc_ecumenical_altar_venn
D:2:      layout_basic
D:3:      layout_loops_cross, guppyfry_early_orc_mine, uniq_grinder,
          uniq_jessica
D:4:      layout_basic, nicolae_vehumet_radiance
D:5:      layout_basic, uniq_pikel, uniq_edmund, uniq_prince_ribbit1

Skill      XL: |  1  2  3  4  5  6 |
---------------+-------------------+-----
Fighting       | 4 |  4.9
Axes           | 3 4 5 6 |  6.0
Armour         | 4 5 |  5.4
Shields        | 4 |  4.3
Evocations     | 1 2 |  2.2
Dodging        | |  0.7

Action                   |  1- 3 |  4- 6 || total
-------------------------+-------+-------++-------
Melee: War axe           |    87 |    95 ||   182
       Headbutt          |    11 |    15 ||    26
Evoke: Wand              |       |     9 ||     9
  Use: Potion            |       |     6 ||     6
       Scroll            |       |     8 ||     8
Armor: Scale mail        |    37 |    16 ||    53
       Chain mail        |       |    42 ||    42
Dodge: Dodged            |    34 |    44 ||    78
Block: Buckler           |    21 |    23 ||    44
